 Dungeon Crawl Stone Soup version 0.17.0-24-gcfadda4 (console) character file.

18 gw the Chiller (level 2, 11/20 HPs)
             Began as a Merfolk Ice Elementalist on Nov 18, 2015.
             Was an Initiate of the Shining One.
             Quit the game on level 2 of the Dungeon.
             The game lasted 00:04:29 (1764 turns).

gw the Chiller (Merfolk Ice Elementalist)           Turns: 1764, Time: 00:04:29

Health: 11/20      AC:  3    Str:  8      XL:     2   Next: 66%
Magic:  3/5        EV: 12    Int: 14      God:    the Shining One [......]
Gold:   61         SH:  0    Dex: 13 (14) Spells: 2 memorised, 2 levels left

rFire  . . .     SeeInvis .     f - +0 short sword
rCold  + . .     Clarity  .     j - +0 leather armour
rNeg   . . .     SustAt   .     (no shield)
rPois  .         Gourm    .     (no helmet)
rElec  .         Spirit   .     (no cloak)
rCorr  .         Warding  .     (no gloves)
rMut   .         Stasis   .     (no boots)
MR     .....                    (no amulet)
Stlth  ++........               (no ring)
                                l - ring of protection from cold

@: not resistant to hostile enchantments, unstealthy
A: change form in water, swift swim
a: Renounce Religion


You were on level 2 of the Dungeon.
You worshipped the Shining One.
The Shining One was noncommittal.
You were not hungry.

You visited 1 branch of the dungeon, and saw 2 of its levels.

You collected 61 gold pieces.

Inventory:

Hand Weapons
 f - a +0 short sword (weapon)
Missiles
 i - 34 stones (quivered)
Armour
 j - a +0 leather armour (worn)
Jewellery
 l - a ring of protection from cold (left hand)
Scrolls
 e - a scroll of recharging
Potions
 d - a potion of curing
Books
 b - a book of Frost

   Spells                             Type                      Level
   a - Freeze                         Ice                          1
   b - Throw Frost                    Conjuration/Ice              2
   c - Ozocubu's Armour               Charms/Ice                   3
   d - Throw Icicle                   Conjuration/Ice              4
   e - Summon Ice Beast               Ice/Summoning                4
   f - Condensation Shield            Ice                          4
Comestibles
 c - a bread ration
 g - a beef jerky


   Skills:
 + Level 0.9 Fighting
 + Level 3.0 Dodging
 - Level 2.1 Stealth
 * Level 2.3 Spellcasting
 - Level 0.7 Conjurations
 + Level 3.4 Ice Magic
 + Level 0.4 Invocations


You had 2 spell levels left.
You knew the following spells:

 Your Spells              Type           Power        Failure   Level  Hunger
a - Freeze                Ice            ##..         10%         1    #......
b - Throw Frost           Conj/Ice       #.....       24%         2    ###....


Dungeon Overview and Level Annotations

Branches:
Dungeon (2/15)

Altars:
The Shining One

Annotations:
D:2 Robin


Message History

ATTACK MOVE TO (1,1) Really attack the helpless goblin?
This attack would place you under penance!
Okay, then.
ATTACK MOVE TO (1,1) Really attack the helpless goblin?
This attack would place you under penance!
Okay, then.
ATTACK MOVE TO (1,1) Really attack the helpless goblin?
This attack would place you under penance!
Okay, then.
ATTACK MOVE TO (1,1) Really attack the helpless goblin?
This attack would place you under penance!
Okay, then.
ATTACK MOVE TO (1,1) Really attack the helpless goblin?
This attack would place you under penance!
Okay, then.
ATTACK MOVE TO (1,1) Really attack the helpless goblin?
This attack would place you under penance!
Okay, then.
Infinite lua loop detected, aborting.
Are you sure you want to abandon this character and quit the game? (Confirm with "yes".) #.......# ####. #.......# ..g. #.......# .gg

#.......#
gg##.......#
#### gg#.......#
#....#g#.>.....#
##.g.####<#
#....m.##.##.#
.....###g......#
#.# #(?#........
#.(###......
#...# ......
##..# ..$...
##.. ..... ....
h#### ##..


You could see Robin, 2 hobgoblins and 7 goblins.

Table legend:
 A = Turns spent in this place as a percentage of turns spent in the entire game.
 B = Non-inter-level travel turns spent in this place as a percentage of non-inter-level travel turns spent in the entire game.
 C = Inter-level travel turns spent in this place as a percentage of turns spent in this place.
 D = Turns resting spent in this place as a percentage of non-inter-level travel turns spent in this place.
 E = Turns spent auto-exploring this place as a percentage of non-inter-level travel turns spent in this place.
 F = Non-inter-level travel turns spent in this place divided by the number of levels of this place that you've seen.
                   A       B       C       D       E      F
               +-------+-------+-------+-------+-------+----------------------
         Total | 100.0 | 100.0 |   0.1 |   0.9 |   0.7 | 2778.5
       Dungeon | 100.0 | 100.0 |   0.1 |   0.9 |   0.7 | 2778.5
               +-------+-------+-------+-------+-------+----------------------

Table legend:
 A = Kills in this place as a percentage of kills in entire the game.
 B = Kills by you in this place as a percentage of kills by you in the entire game.
 C = Kills by friends in this place as a percentage of kills by friends in the entire game.
 D = Other kills in this place as a percentage of other kills in the entire game.
 E = Experience gained in this place as a percentage of experience gained in the entire game.
 F = Experience gained in this place divided by the number of levels of this place that you have seen.
                   A       B       C       D       E      F
               +-------+-------+-------+-------+-------+----------------------
         Total | 100.0 | 100.0 |  -nan |  -nan | 100.0 |  13.0
       Dungeon | 100.0 | 100.0 |  -nan |  -nan | 100.0 |  13.0
               +-------+-------+-------+-------+-------+----------------------

Vanquished Creatures
  A giant cockroach (D:1)
  3 goblins
  3 hobgoblins (D:1)
  4 kobolds (D:1)
  3 bats (D:1)
  A giant newt (D:1)
  3 rats (D:1)
18 creatures vanquished.

Notes
Turn   | Place    | Note
--------------------------------------------------------------
     0 | D:1      | gw the Merfolk Ice Elementalist began the quest for the Orb.
     0 | D:1      | Reached XP level 1. HP: 13/13 MP: 3/3
   223 | D:1      | Found a glowing golden altar of the Shining One.
   239 | D:1      | Became a worshipper of the Shining One
   391 | D:1      | Reached XP level 2. HP: 7/20 MP: 0/5
   601 | D:1      | Learned a level 2 spell: Throw Frost
  1763 | D:2      | Noticed Robin
  1764 | D:2      | Quit the game

Action                   || total
-------------------------++-------
Melee: Short sword       ||     1
Throw: Stone             ||    10
 Cast: Freeze            ||    18
       Throw Frost       ||    11
  Use: Potion            ||     3
       Scroll            ||     2
  Eat: Bread ration      ||     1

Vault maps used:
D:1:      roderic_dead_forest, tso_metal_star
D:2:      minitemple, trog_three_pillars_becter, uniq_iyjb, uniq_natasha,
          uniq_robin
